 Dungeon Crawl Stone Soup version 0.29-a0-251-g80730f7218 (console) character file.

Game seed: 4978634711521954759

1227 Gather the Skirmisher (level 8, -2/65 HPs)
             Began as a Mummy Fighter on Mar 5, 2022.
             Was an Initiate of Kikubaaqudgha.
             Slain by a wyvern (11 damage)
             ... on level 5 of the Dungeon.
             The game lasted 00:16:56 (6276 turns).

Gather the Skirmisher (Mummy Fighter)               Turns: 6276, Time: 00:16:57

Health: -2/65      AC: 10    Str: 25    XL:     8   Next: 23%
Magic:  14/14      EV:  9    Int:  9    God:    Kikubaaqudgha [......]
Gold:   246        SH:  4    Dex: 12    Spells: 16/16 levels left

rFire   x . .      SeeInvis .   a - +0 trident
rCold   + . .      Faith    .   c - +0 buckler
rNeg    + + +      Spirit   .   i - +0 scale mail
rPois   ∞          Reflect  .   k - +0 helmet
rElec   +          Harm     .   (no cloak)
rCorr   .          Rampage  .   p - +2 pair of gloves of Circular Logic {rElec Str+6}
Will    ++...                   (no boots)
Stlth   ..........              (no amulet)
HPRegen 0.20/turn               m - ring of willpower
MPRegen 0.14/turn               (no ring)

@: no status effects
A: cold resistance 1, negative energy resistance 3, torment resistance 2, heat
vulnerability 1, in touch with death 1, no potions
a: Renounce Religion


You were on level 5 of the Dungeon.
You worshipped Kikubaaqudgha.
Kikubaaqudgha was noncommittal.
You visited 2 branches of the dungeon, and saw 6 of its levels.

You collected 300 gold pieces.
You spent 54 gold pieces at shops.

Inventory:

Hand Weapons
 a - a +0 trident (weapon)
 b - a +0 hunting sling
 j - a +0 dagger
Missiles
 e - 128 stones
 h - 2 poisoned darts (quivered)
Armour
 c - a +0 buckler (worn)
 i - a +0 scale mail (worn)
 k - a +0 helmet (worn)
 l - a +0 ring mail
 n - a +0 pair of gloves
 p - the +2 pair of gloves of Circular Logic (worn) {rElec Str+6}
   (You found it on level 4 of the Dungeon)

   Str:       It affects your strength (+6).
   rElec:     It insulates you from electricity.
Jewellery
 m - a ring of willpower (left hand)
Wands
 r - a wand of iceblast (5)
Scrolls
 d - 4 scrolls of identify
 f - a scroll of magic mapping
 g - 2 scrolls of holy word
 o - 2 scrolls of teleportation
 q - a scroll of enchant weapon {unknown}


   Skills:
 - Level 6.9 Fighting
 - Level 5.4 Polearms
 - Level 2.6 Armour
 - Level 2.6 Shields
 + Level 4.5 Spellcasting
 + Level 0.0 Evocations


You had 16 spell levels left.
You didn't know any spells.
Your spell library contained the following spells:

 Spells                   Type           Power      Damage    Failure   Level
 Sandblast                Erth           4%         2d4       63%         1
 Passwall                 Tmut/Erth      1%         N/A       77%         2
 Portal Projectile        Hex/Tloc       4%         N/A       94%         3
 Stone Arrow              Conj/Erth      4%         3d7       94%         3
 Petrify                  Tmut/Erth      2%         N/A       100%        4
 Excruciating Wounds      Necr           1%         N/A       100%        5
 Irradiate                Conj/Tmut      1%         3d13      100%        5
 Sublimation of Blood     Necr           Unusable   N/A       N/A         2
 Blade Hands              Tmut           Unusable   N/A       N/A         5

Dungeon Overview and Level Annotations

Branches:
Dungeon (5/15)             Temple (1/1) D:4

Altars:
Cheibriados
Dithmenos
Fedhas
Gozag
Hepliaklqana
Kikubaaqudgha
Makhleb
Nemelex Xobeh
Okawaru
Ru
Sif Muna
Vehumet
Wu Jian
Xom
Zin

Shops:
D:3 [


Innate Abilities, Weirdness & Mutations

You are immune to poison.
Your flesh is cold resistant. (rC+)
You are immune to negative energy. (rN+++)
You are immune to unholy pain and torment.
You are vulnerable to heat. (rF-)
You are in touch with the powers of death.
You do not drink.


Message History

Partly explored, can't reach some items.
Partly explored, can't reach some items.
Items here: )) ††.
A wyvern is nearby!
The wyvern hisses angrily.
You puncture the wyvern!
The wyvern is moderately wounded.
The wyvern bites you!
The wyvern bites you but does no damage.
You hit the wyvern but do no damage.
The wyvern is moderately wounded.
You block the wyvern's attack.
The wyvern bites you but does no damage.
You closely miss the wyvern.
The wyvern is moderately wounded.
The wyvern completely misses you.
You hit the wyvern.
The wyvern is heavily wounded.
The wyvern bites you! x2
You hit the wyvern.
The wyvern is heavily wounded.
The wyvern bites you!
You are too injured to fight recklessly!
You completely miss the wyvern.
The wyvern is heavily wounded.
The wyvern closely misses you. x2
You hit the wyvern.
The wyvern is severely wounded.
The wyvern bites you!
* * * LOW HITPOINT WARNING * * *
You closely miss the wyvern.
The wyvern is severely wounded.
The wyvern bites you!
* * * LOW HITPOINT WARNING * * *
You block the wyvern's attack.
You closely miss the wyvern.
The wyvern is severely wounded.
The wyvern bites you!
You die...
Kikubaaqudgha rasps: "You have failed me!
Welcome... oblivion!"

.#$#.#...........##...P...P...#..
.#!#.#.........).##...P.......#..
.#$#.#.............##.P..P.>#.#..
.#.#°#.........#.........##.#.#..
.#.#.##.###..[.#..........#.#.#..
.#.#○##.##..###.............#####
.#.#☼#l....)).............).#
.#°#.##.##.####.............#####
.#°#.#.....# ##.................
.#°#.#....## ###.l...#....#)#####
.#°#.##...####..@...#####.#.##
.#°#°#..#.).........# #.#..#
##°#.##......)......# #.#..##
##.#.#....####..>...#######...#
##°#.#..............#.....#.#.###
##°#.#..............#.....#.....#
.#°..#..............'.._..'.....#
.#####..............#.....#.....#
....).........#######.....#.....#
....########### ########.....#
....# #)<[..........


You could see a wyvern.

Vanquished Creatures
  Grinder (D:4)
  Eustachio (D:4)
  An ice beast (D:5)
  A black bear (D:4)
  2 ogres (D:5)
  2 phantoms
  A scorpion (D:5)
  3 hounds
  Terence (D:2)
  2 orc wizards
  Robin (D:2)
  4 adders
  A white imp (D:5)
  2 ufetubi
  2 worms
  A dart slug (D:3)
  13 orcs
  8 endoplasms
  A giant cockroach (D:1)
  14 goblins
  8 hobgoblins
  7 jackals
  7 kobolds
  4 quokkas
  4 ball pythons
  A bat (D:1)
  6 frilled lizards
  12 rats
111 creatures vanquished.

Vanquished Creatures (others)
  4 fungi (D:5)
  4 toadstools (D:5)
8 creatures vanquished.

Grand Total: 119 creatures vanquished

Notes
Turn   | Place    | Note
-------+----------+-------------------------------------------
     0 | D:1      | Gather the Mummy Fighter began the quest for the Orb.
     0 | D:1      | Reached XP level 1. HP: 18/18 MP: 1/1
   268 | D:1      | Reached XP level 2. HP: 19/24 MP: 2/2
   797 | D:1      | Found a faded altar of an unknown god.
  1253 | D:2      | Gained mutation: You are in touch with the powers of death.
                  | [Mummy growth]
  1253 | D:2      | Reached XP level 3. HP: 29/29 MP: 3/3
  1682 | D:2      | Noticed Robin
  1856 | D:2      | Killed Robin
  1857 | D:2      | Reached XP level 4. HP: 18/37 MP: 4/4
  2271 | D:2      | Noticed Terence
  2279 | D:2      | Killed Terence
  2280 | D:2      | Reached skill level 4 in Fighting
  2832 | D:3      | Found a shadowy altar of Dithmenos.
  2952 | D:3      | Reached XP level 5. HP: 15/43 MP: 5/5
  3359 | D:3      | Found Ischew's Armour Emporium.
  3370 | D:3      | Bought a +0 pair of gloves for 54 gold pieces
  3714 | D:4      | Noticed a black bear
  3725 | D:4      | Killed a black bear
  3808 | D:4      | Reached skill level 5 in Fighting
  3851 | D:4      | Noticed Grinder
  3959 | D:3      | Reached XP level 6. HP: 28/51 MP: 6/6
  4167 | D:4      | Found a staircase to the Ecumenical Temple.
  4170 | D:4      | Identified the +2 pair of gloves of Circular Logic {rElec
                  | Str+6}
  4281 | D:4      | Found a sacrificial altar of Ru.
  4281 | D:4      | Found a radiant altar of Vehumet.
  4320 | D:4      | Paralysed by Grinder for 6 turns
  4338 | D:4      | Killed Grinder
  4473 | D:4      | Reached XP level 7. HP: 46/57 MP: 7/7
  4539 | D:4      | Reached skill level 6 in Fighting
  4611 | D:4      | Noticed Eustachio
  4643 | D:4      | Killed Eustachio
  4644 | D:4      | Reached skill level 5 in Polearms
  5061 | Temple   | Entered the Ecumenical Temple
  5297 | D:5      | Entered Level 5 of the Dungeon
  5590 | D:5      | Found an ancient bone altar of Kikubaaqudgha.
  5595 | D:5      | Became a worshipper of Kikubaaqudgha
  5662 | D:5      | Reached XP level 8. HP: 61/65 MP: 7/11
  6276 | D:5      | Slain by a wyvern

Illustrated notes

Levels and vault maps discovered:
D:1:      doesnt_arrival_eight_statues, layout_basic,
          shapermc_ecumenical_altar_totnotflames, chequers_serial_rivers_micro_e
D:2:      layout_loops_ring, grunt_decor_arrowhead, hangedman_decor_growths,
          uniq_terence, uniq_robin
D:3:      layout_basic, nicolae_dithmenos_shadow_blocks, serial_shops, shop
D:4:      layout_cave_pools, gammafunk_temple_overflow_elements,
          minmay_temple_entry_statues_pillars, uniq_grinder, uniq_eustachio
D:5:      lemuel_ice_spiral_2, layout_rooms, kennysheep_little_box,
          minmay_gold_behind_fungi
Temple:   minmay_temple_curvy_loop

Skill      XL: |  1  2  3  4  5  6  7  8 |
---------------+-------------------------+-----
Polearms       | 2 3 4 5 |  5.4
Fighting       | 4 5 6 |  6.9
Spellcasting   | 2 4 |  4.5
Armour         | |  2.6
Shields        | |  2.6

Action                   |  1- 3 |  4- 6 |  7- 9 || total
-------------------------+-------+-------+-------++-------
Melee: Trident           |   130 |   152 |   108 ||   390
 Fire: Hunting sling     |       |     6 |       ||     6
Throw: Stone             |       |     1 |     2 ||     3
       Dart              |       |       |     3 ||     3
Evoke: Wand              |       |    12 |     5 ||    17
  Use: Scroll            |       |     3 |       ||     3
Armor: Scale mail        |    40 |    18 |    64 ||   122
       Ring mail         |       |    46 |       ||    46
Dodge: Dodged            |    47 |    64 |    43 ||   154
Block: Buckler           |    17 |    27 |    13 ||    57

Table legend: (Time is in decaauts)
 A = Elapsed time spent in this place.
 B = Non-inter-level travel time spent in this place.
 C = Inter-level travel time spent in this place.
 D = Time resting spent in this place.
 E = Time spent auto-exploring this place.
 F = Levels seen in this place.
 G = Mean time per level.
                   A        B        C        D        E       F      G
               +--------+--------+--------+--------+--------+-----+--------+
         Total |   6353 |   6118 |    235 |    881 |   3935 |   6 | 1058.8 |
       Dungeon |   6132 |   5918 |    214 |    881 |   3745 |   5 | 1226.4 |
        Temple |    220 |    199 |     21 |      0 |    190 |   1 |  220.0 |
               +--------+--------+--------+--------+--------+-----+--------+

Top non-repeatable levels by time:
     D:1: 1623 daAuts
     D:4: 1335 daAuts
     D:3: 1289 daAuts
     D:2: 1060 daAuts
     D:5: 824 daAuts
  Temple: 220 daAuts
